 Dungeon Crawl Stone Soup version 0.27-a0-1147-gb3d8e82157 (webtiles) character file.

Game seed: 12254764494185302648

30 kae the Skirmisher (level 3, -3/29 HPs)
             Began as a Demonspawn Abyssal Knight on May 11, 2021.
             Was a Follower of Lugonu.
             Slain by a gnoll
             ... wielding a +0 spear
              (8 damage)
             ... on level 1 of the Dungeon.
             The game lasted 00:01:07 (917 turns).

kae the Skirmisher (Demonspawn Abyssal Knight)       Turns: 917, Time: 00:01:07

Health: -3/29      AC:  3    Str: 13    XL:     3   Next: 3%
Magic:  4/4        EV: 11    Int: 15    God:    Lugonu [*.....]
Gold:   54         SH:  0    Dex: 12    Spells: 2/2 levels left

rFire    . . .     SeeInvis .   a - +1 falchion
rCold    . . .     Faith    .   (no shield)
rNeg     . . .     Spirit   .   b - +0 leather armour
rPois    .         Reflect  .   (helmet restricted)
rElec    .         Harm     .   (no cloak)
rCorr    .         Rampage  .   (no gloves)
Will     .....                  (no boots)
Stlth    +.........             (no amulet)
HPRegen  0.09/turn              (no ring)
MPRegen  0.09/turn              (no ring)

@: no status effects
A: horns 1, big brain 1
a: Renounce Religion, Depart the Abyss


You were on level 1 of the Dungeon.
You worshipped Lugonu.
Lugonu was aware of your devotion.
You visited 1 branch of the dungeon, and saw 2 of its levels.
You visited the Abyss 1 time.

You collected 54 gold pieces.

Inventory:

Hand Weapons
 a - a +1 falchion (weapon)
Missiles
 f - 6 curare-tipped darts
Armour
 b - a +0 leather armour (worn)
Jewellery
 g - a ring of ice
Scrolls
 c - a scroll of teleportation {unknown}
 e - a scroll of identify {unknown}
 h - a scroll of blinking {unknown}
Potions
 d - a potion of heal wounds {unknown}


   Skills:
 + Level 3.4 Fighting
 * Level 2.8 Long Blades
 - Level 1.7 Armour
 - Level 0.8 Dodging
 - Level 2.4 Invocations


You had 2 spell levels left.
You didn't know any spells.
Your spell library was empty.

Dungeon Overview and Level Annotations

Branches:
Dungeon (2/15)

Altars:


Innate Abilities, Weirdness & Mutations

You have a pair of small horns on your head.
You have an unusually large brain. (Int +2)


Message History

You hit the dart slug.
The dart slug is heavily wounded.
You slash the dart slug!
You kill the dart slug!
Lugonu accepts your kill.
You have reached level 3!
Your experience leads to an increase in your attributes!
Increase (S)trength, (I)ntelligence, or (D)exterity?
You feel stronger.
Your demonic ancestry asserts itself...
A pair of horns grows on your head!
h - a scroll labelled UVERUR ALIJE
There is a stone staircase leading up here.
You climb upwards.
There is a stone staircase leading down here.
A gnoll is nearby!
The gnoll closely misses you. The gnoll hits you with a +0 spear.
You barely miss the gnoll. The gnoll hits you but does no damage.
You hit the gnoll.
The gnoll is moderately wounded.
The gnoll hits you with a +0 spear. x2
You are too injured to fight recklessly!
You are too injured to fight recklessly!
You are too injured to fight recklessly!
You are too injured to fight recklessly!
You closely miss the gnoll.
The gnoll is moderately wounded.
The gnoll barely misses you.
You hit the gnoll. You headbutt the gnoll.
The gnoll is almost dead.
The gnoll hits you with a +0 spear.
You closely miss the gnoll.
The gnoll is almost dead.
The gnoll hits you with a +0 spear!
* * * LOW HITPOINT WARNING * * *
You barely miss the gnoll.
You headbutt the gnoll, but do no damage.
The gnoll is almost dead.
The gnoll hits you with a +0 spear!
You die...

...####.. ..#.......
##.# #.. ..#.....?....#
#.# .. #.#..........#
##.#####.##.#...)......#
.......................#
##.######.#.#..........#
#.# #..............
#.#######.......g.#
#......).......@..#
#.#######.........# ###
#.........# #.........#
#.........# #..########
##>....... #########


You could see a gnoll.

Vanquished Creatures
  2 dart slugs
  3 endoplasms (D:1)
  2 giant cockroaches (D:1)
  3 goblins
  5 jackals (D:1)
  A kobold (D:1)
  A quokka (D:1)
  A ball python (D:1)
  3 frilled lizards (D:1)
  A rat (D:1)
22 creatures vanquished.

Notes
Turn   | Place    | Note
-------+----------+-------------------------------------------
     0 | Abyss:1  | kae the Demonspawn Abyssal Knight began the quest for the
                  | Orb.
     0 | Abyss:1  | Reached XP level 1. HP: 18/18 MP: 2/2
    90 | Abyss:1  | Noticed a neqoxec
    91 | D:1      | Escaped the Abyss
   319 | D:1      | Gained mutation: You have an unusually large brain. (Int
                  | +2) [demonic ancestry]
   319 | D:1      | Reached XP level 2. HP: 12/24 MP: 3/3
   891 | D:2      | Gained mutation: You have a pair of small horns on your
                  | head. [demonic ancestry]
   891 | D:2      | Reached XP level 3. HP: 29/29 MP: 4/4
   917 | D:1      | Slain by a gnoll

Illustrated notes

Levels and vault maps discovered:
D:1:      kilobyte_arrival_exit_the_forest, layout_basic,
          hellmonk_ecumenical_altar_blasted
D:2:      kennysheep_six_static_rooms, layout_basic, minmay_hedge_maze,
          uniq_natasha

Skill      XL: |  1 |
---------------+----+-----
Long Blades    | 2 |  2.8
Fighting       | |  3.4
Armour         | |  1.7
Dodging        | |  0.8
Invocations    | |  2.4

Action                   || total
-------------------------++-------
Melee: Falchion          ||    62
       Headbutt          ||     2
Armor: Leather armour    ||    17
Dodge: Dodged            ||    32
       Rpst.: Falchion   ||     9

Table legend: (Time is in decaauts)
 A = Elapsed time spent in this place.
 B = Non-inter-level travel time spent in this place.
 C = Inter-level travel time spent in this place.
 D = Time resting spent in this place.
 E = Time spent auto-exploring this place.
 F = Levels seen in this place.
 G = Mean time per level.
                   A        B        C        D        E       F      G
               +--------+--------+--------+--------+--------+-----+--------+
         Total |    929 |    916 |     13 |      9 |    739 |   3 |  309.7 |
       Dungeon |    838 |    825 |     13 |      0 |    665 |   2 |  419.0 |
         Abyss |     91 |     91 |      0 |      9 |     74 |   1 |   91.0 |
               +--------+--------+--------+--------+--------+-----+--------+

Top non-repeatable levels by time:
     D:1: 575 daAuts
     D:2: 262 daAuts
 Abyss:1: 91 daAuts
